 Dungeon Crawl Stone Soup version 0.28.0-62-gf88900778d (webtiles) character file.

Game seed: 1440738966960892338

7217 cbfl8 the Cleaver (level 10, -1/88 HPs)
             Began as a Minotaur Berserker on July 2, 2023.
             Was an Elder of Trog.
             Slain by an unseen horror (8 damage)
             ... on level 10 of the Dungeon.
             The game lasted 00:11:19 (10841 turns).

cbfl8 the Cleaver (Minotaur Berserker)             Turns: 10841, Time: 00:11:20

Health: -1/88      AC: 19    Str: 21    XL:     10   Next: 87%
Magic:  9/9        EV:  8    Int:  4    God:    Trog [****..]
Gold:   548        SH: 15    Dex: 15    Spells: 9/9 levels left

rFire   + . .      SeeInvis .   j - +0 war axe (vorpal)
rCold   . . .      Faith    .   k - +0 kite shield
rNeg    . . .      Spirit   .   q - +0 chain mail
rPois   .          Reflect  +   (helmet restricted)
rElec   .          Harm     .   e - +2 cloak
rCorr   .          Rampage  .   h - +0 pair of gloves
Will    .....                   (no boots)
Stlth   ..........              c - amulet of reflection
HPRegen 0.24/turn               s - ring of protection from fire
MPRegen 0.11/turn               y - +4 ring of protection

@: about to teleport, on berserk cooldown, slowed, very slow
A: horns 2, retaliatory headbutt
a: Renounce Religion, Berserk, Trog's Hand, Brothers in Arms


You were on level 10 of the Dungeon.
You worshipped Trog.
Trog was greatly pleased with you.
You visited 1 branch of the dungeon, and saw 10 of its levels.

You collected 644 gold pieces.
You spent 96 gold pieces at shops.

Inventory:

Hand Weapons
 j - a +0 vorpal war axe (weapon)
Armour
 e - a +2 cloak (worn)
 h - a +0 pair of gloves (worn)
 k - a +0 kite shield (worn)
 q - a +0 chain mail (worn)
Jewellery
 c - an amulet of reflection (around neck)
 s - a ring of protection from fire (left hand)
 y - a +4 ring of protection (right hand)
Wands
 i - a wand of acid (6) (quivered)
 z - a wand of polymorph (6)
Scrolls
 f - 4 scrolls of teleportation
 m - 2 scrolls of enchant armour
 u - a scroll of magic mapping {unknown}
 v - a scroll of amnesia {unknown}
 x - a scroll of torment {unknown}
Potions
 a - 2 potions of mutation {unknown}
 b - 3 potions of curing
 g - a potion of cancellation {unknown}
 l - 2 potions of attraction {unknown}
 n - 2 potions of might {unknown}
 o - 2 potions of heal wounds {unknown}
 p - 2 potions of berserk rage
 t - a potion of flight {unknown}
 w - 2 potions of invisibility {unknown}


   Skills:
 + Level 7.9 Fighting
 + Level 12.1 Axes
 + Level 8.1 Armour
 + Level 5.0 Dodging
 + Level 1.7 Stealth
 + Level 7.2 Shields
 * Level 6.5 Evocations


You had 9 spell levels left.
You didn't know any spells.
Your spell library was empty.

Dungeon Overview and Level Annotations

Branches:
Dungeon (10/15)            Temple (0/1) D:4            Lair (0/6) D:10
    Orc: D:9-12

Altars:
Gozag
Kikubaaqudgha
Nemelex Xobeh
Wu Jian
The Shining One

Shops:
D:3 =   D:7 (   D:9 !

Annotations:
D:10 exclusion: orange crystal statue


Innate Abilities, Weirdness & Mutations

You have a pair of horns on your head.
You reflexively headbutt those who attack you in melee.


Message History

You slash the centaur zombie!
The centaur zombie is moderately damaged.
The centaur zombie hits you.
* * * LOW HITPOINT WARNING * * *
You block the centaur zombie's attack.
You slice the centaur zombie!!
You destroy the centaur zombie!
Trog accepts your kill.
You can now call in reinforcements.
Your Dodging skill increases to level 5!
The killer bee buzzes angrily.
You hear an angry buzzing noise.
The centaur warrior shoots an arrow.
The arrow hits you!!
* * * LOW HITPOINT WARNING * * *
You feel a strong urge to attack something.
The killer bee buzzes angrily.
The centaur warrior unwields a +0 longbow.
The centaur warrior hits you but does no damage.
The centaur warrior kicks you but does no damage.
You slash the centaur warrior!
The centaur warrior is severely wounded.
You barely miss the killer bee.
Your attack snaps the killer bee out of its fear.
You are no longer berserk.
You are exhausted.
You feel yourself slow down. You block the killer bee's attack.
You block the centaur warrior's attack. x2
The killer bee seems to regain its courage.
Blink to where?
Press: ? - help, Dir - move target
As you read the scroll of blinking, it crumbles to dust.
Blink to where?
Press: ? - help, Dir - move target An orange crystal statue comes into view.
Found 12 gold pieces and 28 stones.
As you read the scroll of blinking, it crumbles to dust.
The orange crystal statue fixes its piercing gaze on you.
Something tries to feed on your intellect!
Marking area around an orange crystal statue as unsafe for travelling.
As you read the scroll of teleportation, it crumbles to dust.
You feel strangely unstable. Something hits you!
You die...

##################.............
....................>.....(#...
...............................
.............................#
.............................##
.............^.................
...<..>.........†..........#
...........................#
................@..........#
...........................#
...........................#
...........................#
########..#8#8#..#.......#.......
#.#8...8#.#.......#?......
#.8..)..8.#...Oy..#......l
.(8$.#.#.....§.........
#.........#.....


You could see an orange crystal statue, an ogre mage and a killer bee.

Vanquished Creatures
  A two-headed ogre (D:9)
  Pikel (D:5)
  A cyclops (D:8)
  Maggie (D:8)
  A komodo dragon (D:10)
  2 kobold demonologists
  A hornet (D:8)
  A wyvern (D:6)
  Edmund (D:6)
  Duvessa (D:4)
  2 acid dragons
  2 water moccasins
  An ice beast (D:8)
  A sky beast (D:5)
  A black bear (D:6)
  2 orc warriors
  2 ogres
  4 centaurs
  2 lemures (D:5)
  2 phantoms (D:4)
  Blork the orc (D:6)
  A gnoll sergeant (D:9)
  2 bullfrogs (D:8)
  2 scorpions
  2 water moccasin zombies (D:5)
  2 wyvern skeletons
  Dowan (D:4)
  3 water moccasin skeletons
  6 killer bees
  3 wights (D:8)
  3 howler monkeys
  2 electric eels
  A centaur zombie (D:10)
  3 jellies (D:6)
  Crazy Yiuf (D:2)
  An orc priest (D:8)
  2 bullfrog skeletons
  2 iguanas
  8 orc wizards
  A howler monkey skeleton (D:5)
  4 adders
  6 gnolls
  2 white imps (D:6)
  An ufetubus (D:6)
  2 worms
  2 dart slugs
  24 orcs
  6 endoplasms
  14 giant cockroaches
  7 hobgoblins
  3 quokkas
  6 ball pythons
  2 bats
  2 frilled lizards
  9 goblins
  11 kobolds
178 creatures vanquished.

Vanquished Creatures (collateral kills)
  A catoblepas (D:10)
1 creature vanquished.

Vanquished Creatures (others)
  A human (D:5)
  A kobold (D:9)
  4 plants (D:10)
6 creatures vanquished.

Grand Total: 185 creatures vanquished

Notes
Turn   | Place    | Note
-------+----------+-------------------------------------------
     0 | D:1      | cbfl8 the Minotaur Berserker began the quest for the Orb.
     0 | D:1      | Reached XP level 1. HP: 19/19 MP: 0/0
   426 | D:1      | Reached XP level 2. HP: 23/27 MP: 1/1
   729 | D:1      | Found a faded altar of an unknown god.
  1264 | D:2      | Reached ** piety under Trog
  1426 | D:2      | Noticed an ogre
  1432 | D:2      | Killed an ogre
  1433 | D:2      | Reached skill level 4 in Axes
  1433 | D:2      | Reached skill level 1 in Evocations
  1433 | D:2      | Reached XP level 3. HP: 19/34 MP: 2/2
  1433 | D:2      | Reached XP level 4. HP: 23/41 MP: 3/3
  1651 | D:2      | Found an ornate altar of the Wu Jian Council.
  1888 | D:2      | Found a runed translucent door.
  1889 | D:2      | Noticed Crazy Yiuf
  2340 | D:2      | Killed Crazy Yiuf
  2341 | D:2      | Reached XP level 5. HP: 47/47 MP: 4/4
  2631 | D:3      | Found Isylaux's Jewellery Emporium.
  3066 | D:3      | Reached skill level 5 in Axes
  3066 | D:3      | Reached skill level 1 in Shields
  3518 | D:4      | Found a staircase to the Ecumenical Temple.
  3612 | D:4      | Noticed a phantom
  3613 | D:4      | Noticed a phantom
  3622 | D:4      | Killed a phantom
  3623 | D:4      | Reached XP level 6. HP: 55/55 MP: 5/5
  3629 | D:4      | Reached skill level 5 in Fighting
  4095 | D:4      | Reached skill level 6 in Axes
  4125 | D:4      | Noticed Dowan
  4125 | D:4      | Noticed Duvessa
  4165 | D:4      | Killed Dowan
  4198 | D:4      | Reached XP level 7. HP: 61/61 MP: 6/6
  4234 | D:4      | Killed Duvessa
  4872 | D:5      | Entered Level 5 of the Dungeon
  4878 | D:5      | Reached *** piety under Trog
  4879 | D:5      | Reached skill level 7 in Axes
  5148 | D:5      | Noticed Pikel
  5162 | D:5      | Killed Pikel
  5163 | D:5      | Reached skill level 8 in Axes
  5163 | D:5      | Reached skill level 5 in Armour
  5163 | D:5      | Reached skill level 1 in Stealth
  5163 | D:5      | Reached XP level 8. HP: 70/70 MP: 7/7
  5946 | D:5      | Found an ancient bone altar of Kikubaaqudgha.
  6148 | D:6      | Reached skill level 9 in Axes
  6496 | D:6      | Noticed Edmund
  6507 | D:6      | Killed Edmund
  6508 | D:6      | Reached XP level 9. HP: 64/75 MP: 8/8
  6901 | D:6      | Found an opulent altar of Gozag.
  7013 | D:6      | Found a glowing golden altar of the Shining One.
  7026 | D:6      | Found a sparkling altar of Nemelex Xobeh.
  7091 | D:6      | Found the +7 Throatcutter {drain, coup de grace}
  7178 | D:6      | Noticed Blork the orc
  7187 | D:6      | Killed Blork the orc
  8207 | D:7      | Found Uto Xio's Weapon Shoppe.
  8303 | D:7      | Reached skill level 10 in Axes
  8728 | D:8      | Reached skill level 5 in Evocations
  8749 | D:8      | Reached **** piety under Trog
  8750 | D:8      | Reached skill level 5 in Shields
  8799 | D:8      | Noticed Maggie
  8805 | D:8      | Paralysed by a hornet for 2 turns
  8817 | D:8      | Killed Maggie
  9247 | D:8      | Reached XP level 10. HP: 84/86 MP: 9/9
  9270 | D:8      | Noticed a cyclops
  9279 | D:8      | Killed a cyclops
  9593 | D:9      | Reached skill level 11 in Axes
  9596 | D:9      | Noticed a two-headed ogre
  9905 | D:9      | Killed a two-headed ogre
 10506 | D:9      | Found Nemowud's Distillery.
 10511 | D:9      | Bought a potion of curing for 48 gold pieces
 10511 | D:9      | Bought a potion of curing for 48 gold pieces
 10617 | D:10     | Entered Level 10 of the Dungeon
 10678 | D:10     | Found a staircase to the Lair.
 10698 | D:10     | Reached skill level 12 in Axes
 10748 | D:10     | Noticed a catoblepas
 10780 | D:10     | Killed a catoblepas
 10819 | D:10     | Noticed a centaur warrior
 10820 | D:10     | Noticed an ogre mage
 10835 | D:10     | Reached skill level 5 in Dodging
 10840 | D:10     | Noticed an orange crystal statue
 10841 | D:10     | Slain by an unseen horror

Illustrated notes

Levels and vault maps discovered:
D:1:      dpeg_arrival_morbid_curiosity, layout_loops_ring,
          hellmonk_ecumenical_altar_heavens_door
D:2:      layout_basic, basic_altar, uniq_crazy_yiuf_cottage
D:3:      minmay_roachtagon, layout_basic, serial_shops, shop_coins
D:4:      layout_layer_cave, temple_pool_b, uniq_duvessa
D:5:      layout_basic, tgw_kikubaaqudgha, uniq_pikel
D:6:      corexii_shack_village, layout_basic, mainiacjoe_overflow_alcove_2,
          mainiacjoe_overflow_big_doors, nicolae_elevator_lobby_asterisk,
          uniq_blork_the_orc, uniq_edmund
D:7:      layout_loops_cross, nicolae_inconvenience_store,
          roderic_serpentine_path
D:8:      layout_cave_pools, nicolae_two_hexagons,
          chequers_serial_rivers_micro_c, nicolae_figureground_sparkle,
          uniq_maggie
D:9:      layout_rooms, serial_corexii_hall, chequers_hall_statues_corner_a,
          chequers_hall_statues_wall_a, serial_shops, nicolae_shop_crystal,
          nrook_pool_corridor
D:10:     minmay_cut_squares, layout_cross, david_lair_shrubbed, enter_bailey_8,
          minmay_statue_bubble, uniq_grum

Skill      XL: |  1  2  3  4  5  6  7  8  9 10 |
---------------+-------------------------------+-----
Fighting       | 4 5 6 7 |  7.9
Axes           | 4 5 6 8 9 10 12 | 12.1
Armour         | 3 4 5 6 8 |  8.1
Evocations     | 1 2 3 4 5 6 |  6.5
Shields        | 1 2 3 4 5 7 |  7.2
Dodging        | 3 4 5 |  5.0
Stealth        | 1 |  1.7

Action                   |  1- 3 |  4- 6 |  7- 9 | 10-12 || total
-------------------------+-------+-------+-------+-------++-------
Melee: Hand axe          |    61 |    56 |       |       ||   117
       Headbutt          |    11 |    10 |    41 |    15 ||    77
       Punch             |     1 |     1 |       |       ||     2
       War axe           |       |    49 |   227 |    84 ||   360
Invok: Berserk           |     1 |     3 |     6 |     6 ||    16
       Brothers in Arms  |       |       |       |     1 ||     1
Evoke: Wand              |       |       |     1 |       ||     1
  Use: Scroll            |       |     2 |     6 |     5 ||    13
       Potion            |       |       |     4 |     1 ||     5
Armor: Ring mail         |     7 |    55 |    61 |       ||   123
       Chain mail        |       |       |    29 |    78 ||   107
Dodge: Dodged            |    31 |    46 |    61 |    33 ||   171
Block: Other             |     7 |    28 |       |       ||    35
       Kite shield       |       |     9 |   154 |   107 ||   270
       Reflection        |       |       |     8 |    12 ||    20
